 Dungeon Crawl Stone Soup version 0.20.1-1-g8b1a95d (webtiles) character file.

753 KoningWillie the Covered (level 7, 0/54 HPs)
             Began as a Minotaur Fighter on Oct 26, 2017.
             Was a Follower of Hepliaklqana.
             Slain by a centaur (7 damage)
             ... on level 5 of the Dungeon.
             The game lasted 00:08:57 (4853 turns).

KoningWillie the Covered (Minotaur Fighter)         Turns: 4853, Time: 00:08:57

Health: 0/54       AC:  6    Str: 26    XL:     7   Next: 49%
Magic:  6/6        EV: 10    Int:  5    God:    Hepliaklqana [*.....]
Gold:   251        SH: 10    Dex:  9    Spells: 6/6 levels left

rFire    . . .     SeeInvis .   a - +0 long sword
rCold    . . .     Gourm    .   c - +0 shield
rNeg     . . .     Faith    .   e - +0 ring mail
rPois    .         Spirit   .   (helmet restricted)
rElec    .         Reflect  .   (no cloak)
rCorr    .         Harm     .   (no gloves)
MR       .....                  (no boots)
Stlth    +.........             (no amulet)
Regen    0.2/turn               j - +3 ring of strength
MPRegen  0.1/turn               (no ring)

@: no status effects
A: retaliatory headbutt, reduced essence, horns 2
a: Recall Ancestor, Ancestor Identity, Renounce Religion


You were on level 5 of the Dungeon.
You worshipped Hepliaklqana.
Hepliaklqana was aware of your devotion.
You were not hungry.

You visited 1 branch of the dungeon, and saw 5 of its levels.

You collected 251 gold pieces.

Inventory:

Hand Weapons
 a - a +0 long sword (weapon)
Armour
 b - a +0 scale mail
 c - a +0 shield (worn)
 e - a +0 ring mail (worn)
Jewellery
 j - a +3 ring of strength (left hand)
Scrolls
 h - 3 scrolls of remove curse
 i - a scroll of teleportation
 l - 2 scrolls of fog
 o - 2 scrolls of amnesia
 p - 3 scrolls of identify
 s - 2 scrolls of enchant weapon {unknown}
Potions
 d - 2 potions of might
 f - 2 potions of brilliance {unknown}
 k - a potion of heal wounds {unknown}
 m - 3 potions of flight
 r - a potion of agility {unknown}
 t - a potion of cancellation {unknown}
 u - a potion of ambrosia {unknown}
Books
 q - a book of Conjurations

   Spells                             Type                      Level
   a - Magic Dart                     Conjuration                  1
   b - Searing Ray                    Conjuration                  2
   c - Dazzling Spray                 Conjuration/Hexes            3
   d - Fulminant Prism                Conjuration/Hexes            4
   e - Force Lance                    Conjuration/Translocation    4
   f - Iskenderun's Mystic Blast      Conjuration                  4
Comestibles
 g - a bread ration
 n - a royal jelly


   Skills:
 + Level 5.4 Fighting
 + Level 5.5 Long Blades
 + Level 6.0 Armour
 + Level 2.1 Dodging
 + Level 1.0 Stealth
 + Level 6.0 Shields


You had 6 spell levels left.
You didn't know any spells.

Dungeon Overview and Level Annotations

Branches:
Dungeon (5/15)
 Temple: D:4-7

Altars:
Dithmenos
Hepliaklqana
Okawaru
Ru
Vehumet

Annotations:
D:4 exclusion: statue


Innate Abilities, Weirdness & Mutations

You reflexively headbutt those who attack you in melee.
You have a pair of horns on your head.
Your life essence is reduced to manifest your ancestor. (-10% HP)


Message History

The centaur shoots an arrow.
You block the arrow.
The centaur shoots an arrow.
The arrow barely misses you.
The centaur shoots an arrow.
The arrow hits you!
You see here an arrow.
The centaur shoots an arrow.
The arrow hits you!
You see here an arrow.
The centaur shoots an arrow.
The arrow hits you!
* * * LOW HITPOINT WARNING * * *
You see here an arrow.
The centaur shoots an arrow.
The arrow hits you!
* * * LOW HITPOINT WARNING * * *
You closely miss the centaur.
The centaur unwields an uncursed shortbow.
You block the centaur's attack.
You closely miss the centaur.
You headbutt the centaur, but do no damage.
You block the centaur's attack.
Ishtar-belessa completely misses the centaur.
The centaur hits you!
You die...

#.# #.# #.# #.# #.# #.#
############.#
......c@(((.(##########
#......R..............#
#.#####.....##.#..###.##
#...#.##.#..# #...
#....#.##<...# ####
#....#.####.#######
....#.#.. #........
##..#.### #########


You could see the friendly Ishtar-belessa the ancestor and a centaur.

Vanquished Creatures
  The ghost of hilaritas the Cudgeler, an amateur OgBe of Trog (D:3)
  Sigmund (D:4)
  5 hounds (D:4)
  An iguana (D:4)
  A worker ant (D:4)
  An orc wizard (D:3)
  A gnoll (D:4)
  7 adders
  An ooze (D:2)
  4 worms
  A dart slug (D:1)
  6 leopard geckos
  4 orcs
  A ball python (D:2)
  2 giant cockroaches
  16 goblins
  7 hobgoblins
  3 jackals (D:2)
  7 kobolds
  4 quokkas
  8 bats
  7 frilled lizards
  8 rats
97 creatures vanquished.

Vanquished Creatures (collateral kills)
  A worker ant (D:4)
  An adder (D:4)
  A worm (D:4)
  3 orcs
  A hobgoblin (D:3)
  A bat (D:3)
  A jackal skeleton (D:4)
9 creatures vanquished.

Grand Total: 106 creatures vanquished

Notes
Turn   | Place    | Note
-------+----------+-------------------------------------------
     0 | D:1      | KoningWillie the Minotaur Fighter began the quest for the Orb.
     0 | D:1      | Reached XP level 1. HP: 19/19 MP: 0/0
   139 | D:1      | Reached XP level 2. HP: 26/27 MP: 1/1
   790 | D:2      | Found a shadowy altar of Dithmenos.
   874 | D:2      | Reached XP level 3. HP: 26/33 MP: 2/2
  1371 | D:2      | Reached XP level 4. HP: 26/40 MP: 3/3
  1376 | D:2      | Reached skill level 1 in Dodging
  2235 | D:2      | Found a hazy altar of Hepliaklqana.
  2299 | D:2      | Became a worshipper of Hepliaklqana the Forgotten
  2579 | D:3      | Noticed hilaritas's ghost (amateur OgBe)
  2589 | D:3      | Killed hilaritas's ghost
  2589 | D:3      | Reached skill level 5 in Armour
  2589 | D:3      | Reached skill level 5 in Shields
  2589 | D:3      | Reached XP level 5. HP: 18/42 MP: 2/4
  2589 | D:3      | Reached XP level 6. HP: 21/47 MP: 2/5
  2939 | D:3      | Found an iron altar of Okawaru.
  3180 | D:3      | Found a sacrificial altar of Ru.
  3768 | D:4      | Reached * piety under Hepliaklqana
  3958 | D:4      | Reached skill level 5 in Fighting
  4065 | D:4      | Reached skill level 1 in Stealth
  4065 | D:4      | Reached XP level 7. HP: 48/54 MP: 6/6
  4155 | D:4      | Found a radiant altar of Vehumet.
  4215 | D:4      | Noticed Sigmund
  4235 | D:4      | Killed Sigmund
  4235 | D:4      | Reached skill level 5 in Long Blades
  4815 | D:5      | Entered Level 5 of the Dungeon
  4853 | D:5      | Slain by a centaur

Skill      XL: |  1  2  3  4  5  6  7 |
---------------+----------------------+-----
Fighting       | 4 5 |  5.4
Shields        | 4 5 6 |  6.0
Long Blades    | 3 4 5 |  5.5
Armour         | 4 5 6 |  6.0
Dodging        | 1 2 |  2.1
Stealth        | 1 |  1.0

Action                   |  1- 3 |  4- 6 |  7- 9 || total
-------------------------+-------+-------+-------++-------
Melee: Long sword        |   103 |   125 |    24 ||   252
       Headbutt          |    10 |    24 |     2 ||    36
Invok: Recall Ancestor   |       |     2 |       ||     2
       Ancestor Identity |       |     1 |       ||     1
  Use: Scroll            |     4 |     3 |       ||     7
  Eat: Bread ration      |     1 |       |       ||     1
       Fruit             |       |     7 |       ||     7
       Meat ration       |       |       |     1 ||     1
Armor: Ring mail         |    56 |    39 |     6 ||   101
       Scale mail        |     1 |       |       ||     1
Dodge: Dodged            |    40 |    66 |    13 ||   119
Block: Shield            |    66 |    71 |    12 ||   149
       Rpst.: Long sword |    13 |    12 |       ||    25
